Map: Ruins of Seras

Players

CunningStunt

  • Race: Protoss Protoss
  • League: Gold

A.I. 2 (Very Easy) - Winner!

  • Race: Zerg Zerg

A.I. 3 (Very Easy) - Winner!

  • Race: Zerg Zerg

VOD

Have the link to the VOD?

Description

Time

  • Played on: Sept. 8, 2015, 10:33 a.m.
  • Length: 1:04
Show
View Real Time Build Order
Export as new Build Order

CunningStunt Protoss 

Build Orders:  

Get SALT Encoding   

  12  0:00  Probe (Chrono Boost)  
  13  0:10  Probe (Chrono Boost)  
  14  0:19  Pylon  
  14  0:22  Probe (Chrono Boost)  
  15  0:37  Probe (Chrono Boost)  
  16  0:45  Gateway  
  16  0:47  Probe (Chrono Boost)  
  17  0:53  Assimilator  
  17  0:56  Assimilator  
Show
View Real Time Build Order
Export as new Build Order

A.I. 2 (Very Easy) Zerg - Winner!

Build Orders:  

Get SALT Encoding   

Show
View Real Time Build Order
Export as new Build Order

A.I. 3 (Very Easy) Zerg - Winner!

Build Orders: Pool Only 

Get SALT Encoding   

  12  0:08  Overlord  
  12  0:13  Drone  
  13  0:32  Spawning Pool  
  13  0:34  Drone  
  13  0:41  Drone  
  13  0:42  Extractor  
  13  0:48  Drone  
Tags
 
Add a new tag
Caveats
  • Supply blocks, unpowered buildings, or Contaminate may cause inaccurate times.
  • Supply counts are checked every 10 seconds.